Map: Tokamak LE

Players

Kyogen - Winner!

  • Race: Protoss Protoss
  • League: Silver
  • Spawn Location: 1:00

ManlyManMeat

  • Race: Zerg Zerg
  • League: Diamond
  • Spawn Location: 7:00

VOD

Have the link to the VOD?

Description

Time

  • Played on: July 13, 2025, 5:33 p.m.
  • Length: 18:00
Show
View Real Time Build Order
Export as new Build Order

Kyogen Protoss - Winner!

Build Orders: 1 Gate Expand, Blink Stalkers 

Get SALT Encoding   

  12  0:00  Probe  
  13  0:12  Probe  
  14  0:19  Pylon  
  14  0:24  Probe  
  15  0:35  Probe  
  15  0:37  Gateway  
  16  0:43  Probe  
  16  0:49  Assimilator  
  17  0:53  Probe  
  18  1:05  Probe  
  19  1:17  Probe  
  20  1:26  Nexus  
  20  1:36  Cybernetics Core  
  20  1:41  Probe  
  21  1:50  Pylon  
  21  1:52  Assimilator  
  21  2:00  Probe  
  22  2:13  Probe  
  23  2:19  Adept  
  23  2:20  Warp Gate  
  25  2:24  Twilight Council  
  25  2:25  Probe  
  25  2:35  Probe  
  25  2:38  Probe  
  25  2:44  Probe  
  27  2:45  Gateway  
  27  2:47  Stalker  
  27  2:50  Probe  
  31  2:59  Probe  
  31  3:02  Blink  
  32  3:07  Probe  
  32  3:08  Probe  
  34  3:15  Probe  
  35  3:20  Probe  
  35  3:23  Probe  
  36  3:33  Probe x2  
  39  3:42  Gateway  
  39  3:43  Gateway  
  39  3:45  Probe x2  
  39  3:47  Pylon  
  41  3:57  Robotics Facility, Probe x2  
  43  4:03  Assimilator  
  43  4:08  Stalker  
  43  4:09  Stalker  
  47  4:19  Probe x2  
  49  4:31  Probe  
  50  4:32  Stalker  
  50  4:33  Stalker  
  54  4:41  Pylon  
  54  4:46  Pylon  
  54  4:50  Nexus  
  54  4:51  Pylon  
  54  4:59  Observer, Probe x2  
  57  5:06  Pylon  
  57  5:07  Stalker x2  
  59  5:10  Sentry x2  
  65  5:17  Warp Prism  
  67  5:32  Probe x2  
  67  5:33  Stalker x4  
  77  5:44  Probe  
  78  6:21  Stalker x4  
  86  6:26  Immortal  
  86  6:31  Charge  
  90  6:36  Robotics Bay  
  90  6:37  Gateway  
  90  6:40  Gateway  
  90  6:41  Forge  
  90  6:42  Pylon  
  90  6:46  Probe x3  
  93  6:49  Stalker x4  
  93  6:50  Gateway x2  
  93  6:51  Pylon  
  101  7:00  Probe x3  
  104  7:03  Assimilator  
  104  7:06  Assimilator  
  104  7:12  Stalker  
  104  7:13  Stalker x3  
  112  7:15  Assimilator  
  112  7:23  Protoss Ground Weapons Level 1  
  112  7:31  Immortal  
  116  8:02  Pylon  
  116  8:05  Pylon  
  116  8:07  Pylon x2  
  116  8:13  Probe  
  116  8:18  Pylon  
  116  8:19  Pylon  
  117  8:20  Probe x2  
  117  8:21  Zealot x3  
  117  8:22  Pylon  
  117  8:24  Pylon  
  117  8:25  Probe  
  126  8:28  Colossus  
  126  8:32  Probe x2  
  126  8:33  Zealot x5  
  138  8:37  Extended Thermal Lance, Probe  
  145  8:43  Zealot x3  
  145  8:44  Probe  
  152  8:52  Zealot  
  154  9:00  Zealot x4  
  162  9:16  Zealot x4  
  144  9:37  Zealot  
  144  9:38  Zealot x6  
  133  9:58  Colossus  
  119  10:15  Zealot x7  
  119  10:16  Zealot  
  119  10:18  Probe x3  
  116  10:30  Probe  
  75  10:44  Colossus  
  75  10:51  Gateway  
  75  10:53  Gateway  
  81  10:58  Zealot  
  81  11:01  Zealot x7  
  81  11:03  Nexus  
  97  11:04  Pylon  
  97  11:24  Templar Archives  
  97  11:32  Zealot x3  
  89  11:33  Zealot x4  
  89  11:38  Zealot  
  79  11:50  Stalker x2  
  73  12:01  Colossus  
  79  12:11  Nexus  
  79  12:13  Pylon  
  79  12:17  High Templar x7  
  79  12:18  High Templar x3  
  99  12:27  Archon x5  
  99  12:29  Probe x3  
  99  12:31  Protoss Ground Weapons Level 2  
  99  12:37  Probe x3  
  105  12:45  Pylon  
  105  12:46  Probe x3  
  105  12:48  Assimilator  
  105  12:50  Assimilator  
  109  12:58  Probe x3  
  109  12:59  High Templar x4  
  109  13:03  Archon x2  
  119  13:10  High Templar x2, Probe x3  
  119  13:11  High Templar  
  128  13:13  High Templar  
  128  13:16  Archon  
  128  13:17  Archon  
  130  13:26  Probe x2  
  130  13:27  Probe x2  
  134  13:38  Probe, Photon Cannon  
  134  13:39  Probe x3, Photon Cannon  
  138  13:41  Photon Cannon  
  138  13:43  Photon Cannon  
  138  13:50  Probe  
  139  14:02  Photon Cannon  
  139  14:09  High Templar  
  141  14:10  High Templar x3, Colossus  
  141  14:11  Zealot x2  
  141  14:13  Archon  
  141  14:14  Archon  
  151  14:19  Forge  
  157  14:38  Protoss Ground Weapons Level 3  
  157  14:42  Robotics Facility  
  157  14:45  Pylon  
  157  14:46  Protoss Shields Level 1  
  157  15:04  Observer  
  158  15:14  Zealot x3  
  158  15:15  Zealot x7  
  178  15:22  Observer  
  178  15:28  Nexus  
  179  15:31  Pylon  
  179  15:33  Pylon  
  179  15:37  High Templar x4  
  179  15:39  Colossus  
  179  15:41  Archon x2  
  193  15:49  Zealot x3  
  150  16:37  Observer  
  145  16:42  Zealot x5  
  145  16:43  Zealot x5  
  165  16:55  Observer  
  166  17:13  Observer  
  161  17:42  Photon Cannon  
  161  17:45  Photon Cannon  
  161  17:47  Photon Cannon  
  161  17:48  High Templar, Photon Cannon  
  161  17:49  High Templar x9  
  161  17:51  Photon Cannon  
  181  17:52  Archon x2  
  181  17:53  Archon x3, Assimilator  
  181  17:55  Assimilator  
Show
View Real Time Build Order
Export as new Build Order

ManlyManMeat Zerg 

Build Orders: Hatch First 

Get SALT Encoding   

  12  0:00  Drone  
  13  0:07  Drone  
  13  0:13  Extractor  
  13  0:14  Drone  
  15  0:21  Overlord  
  15  0:42  Drone  
  16  0:47  Hatchery  
  15  0:51  Drone  
  15  0:55  Drone  
  17  0:58  Drone  
  18  1:13  Extractor  
  18  1:17  Spawning Pool  
  16  1:24  Drone  
  17  1:29  Drone  
  18  1:38  Drone  
  19  2:00  Drone  
  20  2:04  Queen x2  
  20  2:05  Zergling x4  
  26  2:10  Overlord  
  26  2:16  Drone  
  27  2:29  Drone  
  28  2:39  Drone, Hatchery  
  28  2:40  Drone  
  29  2:46  Drone x2  
  31  2:59  Queen  
  31  3:00  Drone  
  31  3:03  Overlord  
  34  3:08  Metabolic Boost  
  34  3:11  Drone  
  35  3:15  Drone  
  36  3:21  Drone x2  
  36  3:22  Drone x2  
  40  3:29  Lair  
  40  3:31  Overlord  
  40  3:45  Drone x2  
  40  3:46  Overlord x2  
  42  3:52  Drone x2  
  44  4:01  Spore Crawler  
  43  4:02  Spore Crawler  
  43  4:03  Drone x3  
  43  4:06  Roach Warren  
  43  4:07  Drone  
  43  4:09  Extractor, Drone  
  45  4:12  Drone  
  46  4:17  Drone  
  46  4:18  Drone x2  
  46  4:23  Drone  
  50  4:25  Drone  
  50  4:26  Drone  
  50  4:27  Extractor, Drone  
  50  4:28  Extractor, Drone  
  52  4:38  Overlord  
  52  4:39  Overlord  
  52  4:43  Drone  
  52  4:44  Drone x4  
  56  4:57  Roach x4  
  56  4:58  Infestation Pit  
  63  5:06  Roach  
  63  5:07  Roach x3  
  71  5:11  Zergling x8  
  75  5:18  Drone x3, Spore Crawler  
  78  5:28  Roach  
  78  5:30  Overlord x3  
  78  5:31  Overlord  
  80  5:36  Overlord x2  
  80  5:37  Zergling x2  
  80  5:41  Ravager  
  82  5:47  Overlord x3  
  82  5:53  Ravager x5  
  82  5:55  Zergling x6  
  89  6:20  Roach x6  
  101  6:27  Hatchery  
  101  6:29  Overseer  
  100  6:35  Pneumatized Carapace  
  100  6:37  Evolution Chamber, Overseer  
  99  6:53  Roach x6  
  111  7:09  Roach x2  
  111  7:12  Zerg Missile Weapons Level 1  
  115  7:23  Roach x2  
  119  7:32  Hydralisk Den  
  115  8:05  Drone x4  
  119  8:06  Hydralisk x10  
  139  8:22  Hydralisk x3  
  139  8:23  Overlord x5  
  145  8:31  Muscular Augments  
  145  8:36  Drone  
  146  8:53  Extractor  
  146  8:55  Extractor  
  144  8:59  Hydralisk x4  
  148  9:30  Hydralisk x6  
  157  9:35  Grooved Spines  
  117  9:57  Hydralisk x5  
  117  9:58  Zergling x6  
  117  9:59  Zergling x24  
  106  10:26  Zergling x24  
  87  10:36  Zergling x6  
  87  10:38  Zerg Missile Weapons Level 2  
  86  10:45  Drone x2  
  86  10:46  Spire  
  86  10:47  Drone x8  
  95  10:52  Queen  
  97  11:00  Hydralisk x4  
  103  11:15  Hydralisk x6  
  81  11:36  Zergling x16  
  81  11:53  Zergling x16  
  83  12:00  Corruptor x3  
  66  12:19  Drone x5  
  66  12:20  Drone  
  68  12:26  Corruptor x4  
  76  12:38  Corruptor x2  
  80  12:55  Hydralisk x2  
  80  12:56  Hydralisk  
  86  13:00  Hatchery  
  85  13:11  Hydralisk  
  85  13:12  Hydralisk x3  
  93  13:13  Zergling x2  
  94  13:33  Zergling x20  
  94  13:34  Zergling x2  
  104  13:42  Infestor x2  
  108  14:06  Drone x5  
  113  14:12  Burrow, Neural Parasite  
  113  14:13  Infestor  
  115  14:29  Overseer  
  115  14:33  Infestor  
  117  14:39  Infestor  
  119  14:50  Infestor  
  121  15:01  Drone x7  
  121  15:06  Drone  
  129  15:09  Drone  
  129  15:12  Infestor x2  
  134  15:19  Queen x2  
  138  15:22  Drone x5  
  141  16:02  Infestor  
  141  16:03  Infestor x4  
  113  16:35  Zergling x14, Hydralisk, Infestor x3  
  113  16:36  Hydralisk x3  
  120  16:52  Zergling x2  
  120  16:53  Zergling x26  
  87  17:26  Zergling x12  
Tags
 
Add a new tag
Caveats
  • Supply blocks, unpowered buildings, or Contaminate may cause inaccurate times.
  • Supply counts are checked every 10 seconds.